General information
- name: BNet
- type: Ladder team game (AT/RT)
- host: Battle.net
- saver: teelo
map: Deathknell
- players: 8
- length: 19:45
- speed: Fast
- version: 1.28 W3XP
- replay type: Public
» download(145 KB)
Players
team 1 (loser)
Josh_Obama (
blue | 35 APM | 590 actions | 16:58)
4 Death Knight
1 Death Coil
2 Unholy Aura
1 Death Pact
2 Dreadlord
1 Vampiric Aura
1 Sleep
2 Crypt Lord
1 Spiked Carapace
1 Carrion Beetles
» actions
| Assign group hotkey | 52 | |
| Build / train | 86 | |
| Enter build submenu | 18 | |
| Enter hero's abilities submenu | 8 | |
| Give item / drop item | 1 | |
| Remove unit from queue | 2 | |
| Right click | 167 | |
| Select / deselect | 149 | |
| Select group hotkey | 52 | |
| Use ability | 55 | |
590 total
» units
| Acolyte | 10 | |
| Ghoul | 6 | |
| Crypt Fiend | 12 | |
| Gargoyle | 7 | |
| Gnoll Overseer | 1 | |
| Mud Golem | 2 | |
| Ice Troll Berserker | 1 | |
| Ice Troll Trapper | 2 | |
41 total
» upgrades
| Creature Attack | 3 | |
| Creature Carapace | 3 | |
| Web | 1 | |
| Burrow | 1 | |
8 total
» buildings
| Altar of Darkness | 1 | |
| Ziggurat | 8 | |
| Crypt | 1 | |
| Graveyard | 1 | |
| Tomb of Relics | 1 | |
| Nerubian Tower | 1 | |
| Halls of the Dead | 2 | |
| Spirit Tower | 1 | |
| Black Citadel | 3 | |
| Sacrificial Pit | 1 | |
| Boneyard | 2 | |
22 total
» build order
00:12 Altar of Darkness
00:15 Ziggurat
00:38 Crypt
01:05 Graveyard
01:21 Ziggurat
01:32 Tomb of Relics
01:40 Nerubian Tower
04:26 Ziggurat
04:58 Halls of the Dead
04:58 Halls of the Dead
05:36 Spirit Tower
06:37 Ziggurat
06:41 Ziggurat
07:51 Black Citadel
07:52 Black Citadel
08:31 Ziggurat
08:36 Ziggurat
11:13 Ziggurat
11:17 Sacrificial Pit
14:45 Boneyard
14:49 Boneyard
» items
| Rod of Necromancy | 3 | |
| Potion of Healing | 4 | |
| Scroll of Town Portal | 1 | |
| Orb of Corruption | 1 | |
9 total

»
edo2525 (
yellow | 31 APM | 474 actions | 15:21)
2 Keeper of the Grove
1 Entangling Roots
1 Thorns Aura
» actions
| Assign group hotkey | 13 | |
| Build / train | 33 | |
| Enter build submenu | 20 | |
| Enter hero's abilities submenu | 2 | |
| Right click | 171 | |
| Select / deselect | 146 | |
| Select group hotkey | 71 | |
| Use ability | 18 | |
474 total
» units
| Wisp | 12 | |
| Hippogryph | 7 | |
| Chimaera | 4 | |
23 total
» upgrades
| Strength of the Wild | 2 | |
| Reinforced Hides | 2 | |
| Corrosive Breath | 1 | |
5 total
» buildings
| Tree of Ages | 1 | |
| Moon Well | 7 | |
| Ancient of Wind | 1 | |
| Altar of Elders | 1 | |
| Hunter's Hall | 1 | |
| Tree of Eternity | 1 | |
| Chimaera Roost | 2 | |
| Ancient Protector | 1 | |
| Tree of Life | 2 | |
17 total
» build order
01:22 Tree of Ages
02:44 Moon Well
03:27 Moon Well
04:03 Ancient of Wind
04:16 Altar of Elders
04:53 Moon Well
05:14 Hunter's Hall
05:29 Tree of Eternity
05:46 Moon Well
06:28 Moon Well
07:07 Moon Well
07:51 Chimaera Roost
07:54 Chimaera Roost
08:40 Moon Well
09:52 Ancient Protector
11:15 Tree of Life
14:17 Tree of Life

»
lemoncheddar (
red | 28 APM | 471 actions | 16:39)
6 Blademaster
3 Wind Walk
2 Critical Strike
1 Bladestorm
» actions
| Assign group hotkey | 8 | |
| Build / train | 55 | |
| Enter build submenu | 22 | |
| Enter hero's abilities submenu | 6 | |
| Remove unit from queue | 2 | |
| Right click | 95 | |
| Select / deselect | 129 | |
| Select group hotkey | 108 | |
| Use ability | 46 | |
471 total
» units
| Peon | 12 | |
| Grunt | 6 | |
| Shaman | 8 | |
| Wind Rider | 2 | |
| Tauren | 4 | |
32 total
» upgrades
| Berserker Strength | 1 | |
| Shaman Training | 2 | |
| Melee Weapons | 1 | |
| Ranged Weapons | 0 | |
| Spiked Barricades | 1 | |
| Envenomed Spears | 1 | |
6 total
» buildings
| Altar of Storms | 1 | |
| Orc Burrow | 5 | |
| Voodoo Lounge | 1 | |
| Barracks | 1 | |
| Stronghold | 1 | |
| War Mill | 1 | |
| Spirit Lodge | 1 | |
| Fortress | 1 | |
| Great Hall | 2 | |
| Watch Tower | 7 | |
| Beastiary | 2 | |
| Tauren Totem | 2 | |
25 total
» build order
00:08 Altar of Storms
00:12 Orc Burrow
00:18 Voodoo Lounge
01:22 Orc Burrow
01:49 Barracks
02:26 Orc Burrow
03:31 Stronghold
03:57 Orc Burrow
05:38 War Mill
05:58 Spirit Lodge
06:13 Fortress
07:24 Orc Burrow
08:12 Great Hall
08:17 Watch Tower
08:28 Watch Tower
08:29 Watch Tower
08:30 Watch Tower
09:53 Beastiary
09:58 Beastiary
10:41 Tauren Totem
10:44 Tauren Totem
11:55 Great Hall
12:04 Watch Tower
14:12 Watch Tower
14:14 Watch Tower
» items
| Healing Salve | 3 | |
| Scroll of Speed | 1 | |
| Potion of Healing | 2 | |
6 total
team 2 (winner)

»
dverial (
pink | 36 APM | 717 actions | 19:44)
5 Mountain King
3 Storm Bolt
2 Bash
3 Archmage
2 Blizzard
1 Brilliance Aura
» actions
| Build / train | 68 | |
| Enter build submenu | 21 | |
| Enter hero's abilities submenu | 8 | |
| Right click | 276 | |
| Select / deselect | 294 | |
| Use ability | 50 | |
717 total
» units
| Peasant | 11 | |
| Rifleman | 15 | |
| Sorceress | 5 | |
| Priest | 6 | |
| Spell Breaker | 3 | |
40 total
» upgrades
| Gunpowder | 3 | |
| Armor | 3 | |
| Priest Training | 2 | |
| Sorceress Training | 2 | |
| Masonry | 1 | |
11 total
» buildings
| Altar of Kings | 1 | |
| Farm | 13 | |
| Blacksmith | 1 | |
| Scout Tower | 1 | |
| Barracks | 1 | |
| Arcane Tower | 1 | |
| Keep | 1 | |
| Arcane Vault | 1 | |
| Lumber Mill | 1 | |
| Town Hall | 1 | |
| Arcane Sanctum | 2 | |
| Castle | 1 | |
25 total
» build order
00:08 Altar of Kings
00:10 Farm
00:32 Farm
01:00 Blacksmith
01:23 Scout Tower
01:47 Barracks
01:55 Farm
02:24 Arcane Tower
03:23 Keep
04:00 Farm
04:20 Arcane Vault
05:00 Lumber Mill
05:23 Farm
05:55 Town Hall
07:25 Arcane Sanctum
07:32 Arcane Sanctum
08:13 Farm
08:14 Farm
08:43 Castle
11:13 Farm
11:18 Farm
14:39 Farm
14:40 Farm
17:56 Farm
17:56 Farm
» items
| Scroll of Regeneration | 2 | |
| Orb of Fire | 1 | |
| Scroll of Town Portal | 1 | |
4 total

»
teelo (
teal | 64 APM | 1268 actions | 19:45)
6 Death Knight
2 Death Coil
3 Unholy Aura
1 Animate Dead
» actions
| Assign group hotkey | 264 | |
| Basic commands | 135 | |
| Build / train | 71 | |
| Enter build submenu | 15 | |
| Enter hero's abilities submenu | 6 | |
| Right click | 223 | |
| Select / deselect | 157 | |
| Select group hotkey | 320 | |
| Use ability | 77 | |
1268 total
» units
| Acolyte | 11 | |
| Ghoul | 5 | |
| Crypt Fiend | 19 | |
| Goblin Shredder | 1 | |
| Gnoll Overseer | 1 | |
| Mud Golem | 1 | |
38 total
» upgrades
| Creature Attack | 2 | |
| Web | 1 | |
| Burrow | 1 | |
| Creature Carapace | 2 | |
6 total
» buildings
| Ziggurat | 8 | |
| Altar of Darkness | 1 | |
| Crypt | 2 | |
| Tomb of Relics | 1 | |
| Nerubian Tower | 2 | |
| Graveyard | 1 | |
| Halls of the Dead | 1 | |
| Spirit Tower | 4 | |
| Sacrificial Pit | 1 | |
| Black Citadel | 1 | |
22 total
» build order
00:11 Ziggurat
00:13 Altar of Darkness
00:33 Crypt
00:55 Tomb of Relics
01:03 Nerubian Tower
01:33 Graveyard
03:50 Ziggurat
03:56 Ziggurat
04:07 Halls of the Dead
04:52 Spirit Tower
05:35 Ziggurat
09:41 Ziggurat
09:42 Ziggurat
09:42 Ziggurat
11:16 Crypt
11:19 Nerubian Tower
11:21 Spirit Tower
11:21 Spirit Tower
11:22 Ziggurat
14:21 Spirit Tower
17:41 Sacrificial Pit
17:44 Black Citadel
» items
| Rod of Necromancy | 2 | |
| Dust of Appearance | 3 | |
| Scroll of Town Portal | 3 | |
| Orb of Venom | 3 | |
| Lesser Clarity Potion | 1 | |
12 total
MacBookPro (
orange | 33 APM | 654 actions | 19:44)
5 Demon Hunter
2 Evasion
2 Immolation
1 Mana Burn
2 Keeper of the Grove
1 Thorns Aura
1 Entangling Roots
1 Priestess of the Moon
1 Trueshot Aura
» actions
| Assign group hotkey | 10 | |
| Basic commands | 34 | |
| Build / train | 64 | |
| Enter build submenu | 26 | |
| Enter hero's abilities submenu | 7 | |
| Remove unit from queue | 7 | |
| Right click | 121 | |
| Select / deselect | 228 | |
| Select group hotkey | 114 | |
| Use ability | 43 | |
654 total
» units
| Wisp | 17 | |
| Huntress | 3 | |
| Dryad | 3 | |
| Mountain Giant | 4 | |
27 total
» upgrades
| Strength of the Wild | 3 | |
| Reinforced Hides | 3 | |
| Ultravision | 1 | |
| Sentinel | 1 | |
| Abolish Magic | 1 | |
| Hardened Skin | 1 | |
| Resistant Skin | 1 | |
| Well Spring | 1 | |
12 total
» buildings
| Altar of Elders | 1 | |
| Moon Well | 8 | |
| Hunter's Hall | 1 | |
| Ancient Protector | 1 | |
| Ancient of War | 1 | |
| Tree of Ages | 1 | |
| Ancient of Lore | 2 | |
| Ancient of Wonders | 1 | |
| Tree of Life | 3 | |
| Tree of Eternity | 1 | |
20 total
» build order
00:05 Altar of Elders
00:10 Moon Well
01:22 Hunter's Hall
01:38 Moon Well
02:32 Ancient Protector
02:48 Ancient of War
03:32 Tree of Ages
05:17 Moon Well
06:04 Ancient of Lore
07:10 Ancient of Wonders
07:17 Tree of Life
07:51 Tree of Eternity
09:15 Tree of Life
09:27 Moon Well
10:44 Moon Well
12:56 Moon Well
13:06 Ancient of Lore
13:52 Moon Well
14:33 Tree of Life
17:47 Moon Well
» items
| Orb of Venom | 1 | |
| Anti-magic Potion | 1 | |
| Scroll of Town Portal | 2 | |
4 total

»
fer331281 (
green | 36 APM | 712 actions | 19:44)
6 Demon Hunter
2 Immolation
3 Evasion
1 Metamorphosis
3 Priestess of the Moon
2 Trueshot Aura
1 Scout
» actions
| Build / train | 65 | |
| Enter build submenu | 21 | |
| Enter hero's abilities submenu | 8 | |
| Right click | 326 | |
| Select / deselect | 260 | |
| Use ability | 32 | |
712 total
» units
| Wisp | 20 | |
| Archer | 7 | |
| Hippogryph | 14 | |
| Chimaera | 8 | |
49 total
» upgrades
| Corrosive Breath | 1 | |
| Strength of the Wild | 1 | |
2 total
» buildings
| Moon Well | 8 | |
| Altar of Elders | 1 | |
| Ancient of War | 1 | |
| Ancient of Wonders | 1 | |
| Tree of Ages | 1 | |
| Hunter's Hall | 1 | |
| Tree of Eternity | 1 | |
| Ancient of Wind | 2 | |
| Tree of Life | 2 | |
| Chimaera Roost | 2 | |
20 total
» build order
01:36 Moon Well
01:39 Altar of Elders
01:43 Ancient of War
01:53 Moon Well
02:29 Moon Well
02:34 Ancient of Wonders
02:51 Moon Well
03:52 Tree of Ages
04:25 Moon Well
05:45 Hunter's Hall
06:25 Tree of Eternity
06:43 Ancient of Wind
07:30 Tree of Life
08:58 Chimaera Roost
10:09 Chimaera Roost
11:46 Moon Well
12:40 Ancient of Wind
16:18 Tree of Life
17:49 Moon Well
18:53 Moon Well
» items
Chat log
(00:22 / Allies) teelo: yay
(00:24 / Allies) dverial: they have a tker
(00:26 / Allies) dverial: so we fine
(00:34 / Allies) MacBookPro: wats plan
(00:37 / Allies) dverial: hes back
(00:39 / Allies) dverial: cc?
(00:40 / Allies) teelo: kill stuff, win game?
(00:45 / Allies) MacBookPro: units
(00:49 / Allies) teelo: fiends
(00:52 / Allies) MacBookPro: giants
(00:54 / Allies) dverial: rifles casters
(01:01 / Allies) MacBookPro: unless request else
(02:18 / Allies) MacBookPro: pink creep w me
(02:21 / Allies) dverial: sure
(03:20 / Allies) dverial: wood plz
(03:22 / Allies) MacBookPro: my hero gollow u
(03:28 / Allies) dverial: ty
(03:51 / All) dverial: ill solo creep after this one
(09:52 / Allies) dverial: b if needed
(10:28 / Allies) MacBookPro: spare wood?
(10:46 / Allies) fer331281: main
(10:47 / Allies) fer331281: main
(10:50 / Allies) dverial: b
(10:51 / Allies) dverial: b
(10:51 / Allies) dverial: b
(10:52 / Allies) dverial: b
(10:56 / Allies) dverial: mass chims
(10:58 / Allies) dverial: we gotta hit
(11:04 / Allies) fer331281: out
(11:15 / Allies) MacBookPro: spare wood?
(11:21 / Allies) dverial: kinda low :S
(11:57 / Allies) dverial: all hit
(12:02 / Allies) dverial: b4 they get too many chims
(12:14 / Allies) dverial: b
(12:14 / Allies) dverial: b
(12:15 / Allies) dverial: b
(12:16 / Allies) dverial: green
(12:17 / Allies) dverial: b
(12:18 / Allies) dverial: plz
(12:26 / Allies) dverial: b
(12:28 / Allies) dverial: b
(12:30 / Allies) dverial: jesus
(12:42 / Allies) dverial: .....
(13:55 / Allies) dverial: counter
(14:46 / Allies) dverial: ty
(15:15 / Allies) dverial: wait 4 me
(15:16 / Allies) dverial: plz
(16:47 / All) Josh_Obama: 3v4
(16:51 / All) Josh_Obama: purple afk
(16:58 / All) teelo: hope you're excited for next patch
(16:58 / All) dverial: sorry
(17:00 / All) teelo: 12 v 12
(17:04 / All) teelo: you get to blame even more teammates
(18:04 / All) teelo: lolwut
(18:11 / All) teelo: didnt put any wisps in his expo
(19:39 / Allies) MacBookPro: spare gold?